 Dungeon Crawl Stone Soup version 0.29-a0-878-g7b45a56547 (webtiles) character file.

Game seed: 176443962852253133

46 jlumianski the Chiller (level 3, -1/24 HPs)
             Began as a Demonspawn Ice Elementalist on July 19, 2022.
             Killed by divine providence
             ... invoked by an orc priest
              (12 damage)
             ... on level 3 of the Dungeon.
             The game lasted 00:08:15 (1844 turns).

jlumianski the Chiller (DsIE)                       Turns: 1844, Time: 00:08:16

Health: -1/24      AC:  5    Str:  8    XL:     3   Next: 46%
Magic:  6/6        EV: 12    Int: 18    God:
Gold:   75         SH:  0    Dex: 19    Spells: 2/6 levels left

rFire   . . .      SeeInvis .   n - +2 sling (vorpal)
rCold   . . .      Faith    .   (no shield)
rNeg    . . .      Spirit   .   i - +0 leather armour
rPois   .          Reflect  .   (no helmet)
rElec   .          Harm     .   (no cloak)
rCorr   .          Rampage  .   f - +1 pair of gloves
Will    .....                   (no boots)
Stlth   ++........              (no amulet)
HPRegen 0.08/turn               p - +6 ring of dexterity
MPRegen 0.10/turn               (no ring)

@: no status effects
A: demonic guardian 1, spiny 1
a: no special abilities


You were on level 3 of the Dungeon.
You visited 1 branch of the dungeon, and saw 3 of its levels.

You collected 75 gold pieces.

Inventory:

Hand Weapons
 e - a +0 spear
 h - a +0 short sword
 j - a +0 short sword of draining
 n - a +2 vorpal sling (weapon)
Missiles
 d - 15 stones
 o - 3 poisoned darts
Armour
 a - a +0 robe
 f - a +1 pair of gloves (worn)
 i - a +0 leather armour (worn)
Jewellery
 p - a +6 ring of dexterity (left hand)
Scrolls
 c - 2 scrolls of magic mapping {unknown}
 k - a scroll of identify {unknown}
 l - a scroll of vulnerability {unknown}
 m - a scroll of immolation {unknown}
Potions
 b - a potion of magic
 g - a potion of invisibility {unknown}


   Skills:
 + Level 0.5 Short Blades
 + Level 0.5 Armour
 + Level 1.8 Dodging
 + Level 2.1 Stealth
 + Level 2.4 Spellcasting
 + Level 4.1 Ice Magic


You had 2 spell levels left.
You knew the following spells:

 Your Spells              Type           Power      Damage    Failure   Level
a - Freeze                Ice            68%        1d8       4%          1
b - Frozen Ramparts       Ice            34%        1d5       13%         3

Your spell library contained the following spells:

 Spells                   Type           Power      Damage    Failure   Level
 Foxfire                  Conj/Fire      8%         2x1d4     24%         1
 Ozocubu's Armour         Ice            17%        N/A       13%         3
 Conjure Flame            Conj/Fire      2%         6-21      58%         3
 Inner Flame              Hex/Fire       2%         N/A       58%         3
 Hailstorm                Conj/Ice       9%         3d4       71%         4
 Flame Wave               Conj/Fire      2%         2d4       94%         4


Dungeon Overview and Level Annotations

Branches:
Dungeon (3/15)

Altars:

Annotations:
D:2 Terence


Innate Abilities, Weirdness & Mutations

A weak demonic guardian rushes to your aid.
You are partially covered in sharp spines.


Message History

You hear a shout!
Fire: n) +2 sling (vorpal)
Press: ? - help, Q - select action, (/) - cycle Shift-Dir - straight line, f - orc priest, p - quokka
Aim: an orc priest, wielding a +0 hand axe (60% to hit)
You shoot a sling bullet.
The sling bullet closely misses the orc priest.
You hear an angry hiss.
Fire: n) +2 sling (vorpal)
Press: ? - help, Q - select action, (/) - cycle Shift-Dir - straight line, f/p - orc priest
Aim: an orc priest, wielding a +0 hand axe (60% to hit)
You shoot a sling bullet.
The sling bullet closely misses the orc priest.
An orc priest comes into view. It is wielding a +0 hand axe.
A ball python comes into view.
Found an escape hatch in the floor.
The ball python hisses angrily.
The ball python moves out of view.
Found a sling.
The quokka bites you.
A quokka comes into view.
The quokka attacks as you move away! The quokka barely misses you.
Found 2 poisoned darts.
The ball python is struck by your spines.
You kill the ball python!
The quokka is struck by your spines. The quokka completely misses you.
The quokka attacks as you move away! The quokka bites you.
The quokka barely misses you. The quokka attacks as you move away!
The quokka bites you. The quokka attacks as you move away!
The quokka bites you but does no damage. x2
The quokka attacks as you move away!
The quokka bites you but does no damage.
The quokka attacks as you move away! The quokka bites you.
The quokka attacks as you move away! The quokka bites you.
The quokka is struck by your spines.
You kill the quokka!
There is a stone staircase leading up, spattered with blood here.
The orc priest calls down the wrath of Beogh upon you.
Beogh smites you!
Ouch! That really hurt!
You die...

.............## #......
..............)####K....
................###..)..
.......................>
...).............##.....
.............o...##.....
..<...................(.
#................##.....
#.....@r.oK...#.#...###
##.....#..........###
####.###...#..#.### #.
##...##.....# #.
#........##.# #.
#.#.........##.# ..
#.#....#.#...... ..
#...............
#...........#..#


You could see 2 orc priests, a quokka and a kobold.

Vanquished Creatures
  An adder (D:2)
  4 ball pythons
  3 bats
  3 endoplasms (D:1)
  2 giant cockroaches
  4 goblins
  5 hobgoblins
  4 kobolds
  2 quokkas
  3 frilled lizards (D:1)
  3 rats
34 creatures vanquished.

Notes
Turn   | Place    | Note
-------+----------+-------------------------------------------
     0 | D:1      | jlumianski the Demonspawn Ice Elementalist began the quest
                  | for the Orb.
     0 | D:1      | Reached XP level 1. HP: 13/13 MP: 3/3
   553 | D:1      | Gained mutation: A weak demonic guardian rushes to your
                  | aid. [demonic ancestry]
   553 | D:1      | Reached XP level 2. HP: 19/19 MP: 1/5
   762 | D:1      | Reached skill level 4 in Ice Magic
  1411 | D:2      | Noticed Terence
  1478 | D:2      | Gained mutation: You are partially covered in sharp spines.
                  | [demonic ancestry]
  1478 | D:2      | Reached XP level 3. HP: 23/23 MP: 6/6
  1543 | D:2      | Learned a level 3 spell: Frozen Ramparts
  1844 | D:3      | Killed from afar by an orc priest

Illustrated notes

Levels and vault maps discovered:
D:1:      co_arrival_square_in_a_square_in_a_square, layout_loops_corners,
          serial_bayou_pond_d
D:2:      layout_basic, basic_altar, grunt_decor_one_mirror, uniq_terence
D:3:      layout_rooms, dreamdust_ecumenical_altar_statues,
          hangedman_decor_points

Skill      XL: |  1  2 |
---------------+-------+-----
Ice Magic      | 4 |  4.1
Stealth        | 2 |  2.1
Short Blades   | |  0.5
Armour         | |  0.5
Dodging        | |  1.8
Spellcasting   | |  2.4

Action                   || total
-------------------------++-------
Melee: Short sword       ||    36
       Spear             ||     2
 Fire: Sling             ||     6
Throw: Stone             ||     2
 Cast: Freeze            ||    24
 Stab: Sleeping          ||     3
Armor: Robe              ||     2
       Leather armour    ||    16
Dodge: Dodged            ||    43

Table legend: (Time is in decaauts)
 A = Elapsed time spent in this place.
 B = Non-inter-level travel time spent in this place.
 C = Inter-level travel time spent in this place.
 D = Time resting spent in this place.
 E = Time spent auto-exploring this place.
 F = Levels seen in this place.
 G = Mean time per level.
                   A        B        C        D        E       F      G
               +--------+--------+--------+--------+--------+-----+--------+
         Total |   1851 |   1851 |      0 |    283 |    773 |   3 |  617.0 |
       Dungeon |   1851 |   1851 |      0 |    283 |    773 |   3 |  617.0 |
               +--------+--------+--------+--------+--------+-----+--------+

Top non-repeatable levels by time:
     D:1: 1196 daAuts
     D:2: 528 daAuts
     D:3: 126 daAuts
